 Dungeon Crawl Stone Soup version 0.26.1-12-g5ba1501909 (webtiles) character file.

Game seed: 10195470138952826553

2424 tkbsonic5 the Covert (level 9, -5/94 HPs)
             Began as an Octopode Fighter on Nov 28, 2021.
             Was a Believer of Trog.
             Slain by a +1 mace of chaos (7 damage)
             ... while petrified by a +1 mace of chaos
             ... on level 7 of the Dungeon on Dec 1, 2021.
             The game lasted 00:17:13 (5749 turns).

tkbsonic5 the Covert (Octopode Fighter)             Turns: 5749, Time: 00:17:14

Health: -5/94      AC:  9    Str: 19    XL:     9   Next: 48%
Magic:  2/9        EV:  2    Int: 10    God:    Trog [**....]
Gold:   338        SH:  0    Dex: 11    Spells: 8/8 levels left

rFire    . . .     SeeInvis .   t - +2 long sword (elec)
rCold    . . .     Faith    +   b - +1 kite shield
rNeg     + + +     Spirit   .   (helmet restricted)
rPois    ∞         Reflect  .   r - amulet of faith
rElec    .         Harm     .   i - +4 ring of protection
rCorr    .         Rampage  .   k - +4 ring of protection
Will     .....                  (no ring)
Stlth    ..........             (no ring)
HPRegen  0.25/turn              (no ring)
MPRegen  0.11/turn              (no ring)
                                (no ring)
                                (no ring)

@: berserking (expiring), petrified, very slightly contaminated, invisible
A: almost no armour, stealthy swim, amphibious, 8 rings, constrict 8, camouflage
1, gelatinous body 1
a: Renounce Religion, Berserk, Trog's Hand


You were on level 7 of the Dungeon.
You worshipped Trog.
Trog was pleased with you.
You visited 2 branches of the dungeon, and saw 8 of its levels.

You collected 338 gold pieces.

Inventory:

Hand Weapons
 p - a +0 shortbow
 t - a +2 long sword of electrocution (weapon)
Missiles
 m - 88 sling bullets
 s - 2 javelins
 v - 66 arrows
 w - 16 poisoned darts
Armour
 b - a +1 kite shield (worn)
Jewellery
 i - a +4 ring of protection (left tentacle)
 k - a +4 ring of protection (right tentacle)
 r - an amulet of faith (around mantle)
 u - an uncursed ring of fire
 z - an uncursed ring of fire
Wands
 x - a wand of random effects (18) (quivered)
Scrolls
 a - 2 scrolls of random uselessness {unknown}
 c - a scroll of vulnerability {unknown}
 e - 2 scrolls of teleportation
 l - a scroll of remove curse {unknown}
 y - a scroll of torment {unknown}
 B - a scroll of identify
Potions
 d - a potion of curing
 f - 3 potions of lignification
 g - a potion of attraction
 h - 2 potions of heal wounds
 j - 2 potions of flight
 n - 4 potions of haste
 o - a potion of degeneration {unknown}
 q - a potion of might
 A - a potion of invisibility {unknown}


   Skills:
 * Level 6.6 Fighting
 - Level 3.0(4.5) Short Blades
 * Level 5.2(5.6) Long Blades
 + Level 3.7 Throwing
 + Level 5.0 Dodging
 * Level 8.1 Stealth
 + Level 5.0 Shields
 + Level 1.4 Evocations


You had 8 spell levels left.
You didn't know any spells.
Your spell library was empty.

Dungeon Overview and Level Annotations

Branches:
Dungeon (7/15)             Temple (1/1) D:4

Altars:
Ashenzari
Cheibriados
Dithmenos
Elyvilon
Fedhas
Gozag
Hepliaklqana
Kikubaaqudgha
Makhleb
Okawaru
Qazlal
Ru
Sif Muna
Trog
Vehumet
Wu Jian
Xom
Yredelemnul
Zin
The Shining One

Annotations:
D:7 porpoise's ghost, novice HaHu


Innate Abilities, Weirdness & Mutations

You cannot wear most types of armour.
You are very stealthy in the water. (Stealth+)
You are amphibious.
You can wear up to eight rings at the same time.
You can use your tentacles to constrict eight enemies at once.
Your skin changes colour to match your surroundings (Stealth+).
Your rubbery body absorbs attacks. (AC +1, EV +1)


Message History

* * * LOW HITPOINT WARNING * * *
You fade into invisibility!
You are very lightly contaminated with residual magic.
Porpoise's ghost hits you.
You have turned to stone.
The +1 mace of chaos hits you!
* * * LOW HITPOINT WARNING * * *
The +1 mace of chaos burns you.
* * * LOW HITPOINT WARNING * * *
Porpoise's ghost hits you.
* * * LOW HITPOINT WARNING * * *
The +1 mace of chaos hits you!
* * * LOW HITPOINT WARNING * * *
The +1 mace of chaos freezes you.
* * * LOW HITPOINT WARNING * * *
Porpoise's ghost hits you.
* * * LOW HITPOINT WARNING * * *
The +1 mace of chaos hits you!
* * * LOW HITPOINT WARNING * * *
You are electrocuted!
You die...

#.# #...# #.#
#.# ###.# #.#
#)# #.# #.# #.#
#.# ###.### #)#
#.# #.....#
######(# #.###
##.###.#
#..>)((# #.#.###
#..# #.#
#.######
#..W#.##
#..###.# ###.#
#..@(_.#
#......# ....#
#.#.#!##
#.###### .##.#
#.#.### #.#
###.# #.### #.#
# #.# #.# #.#
###.##########.#
#.#
...............#
#.#
################
#.## # #..#


You could see a +1 mace of chaos and porpoise's ghost.

Vanquished Creatures
  Pikel (D:4)
  Maggie (D:6)
  An ice beast (D:7)
  3 ogres
  A black bear (D:7)
  2 centaurs
  A lemure (D:4)
  A big kobold (D:7)
  2 bullfrogs
  2 howler monkeys
  A centaur zombie (D:6)
  A hound (D:7)
  4 orc wizards
  2 bullfrog skeletons (D:6)
  5 orc priests
  Jessica (D:2)
  3 iguanas
  5 worker ants
  A worker ant zombie (D:7)
  A howler monkey skeleton (D:4)
  5 adders
  A shadow imp (D:5)
  2 white imps
  An ufetubus (D:6)
  2 oozes
  An adder skeleton (D:6)
  An adder zombie (D:7)
  A worm (D:3)
  2 dart slugs (D:2)
  7 leopard geckos
  24 orcs
  5 giant cockroaches
  5 goblins
  11 hobgoblins
  15 jackals
  9 kobolds
  3 quokkas
  2 ball pythons
  5 bats
  4 frilled lizards
  A jackal zombie (D:5)
  3 rats
149 creatures vanquished.

Vanquished Creatures (others)
  7 plants (D:4)
7 creatures vanquished.

Grand Total: 156 creatures vanquished

Notes
Turn   | Place    | Note
-------+----------+-------------------------------------------
     0 | D:1      | tkbsonic5 the Octopode Fighter began the quest for the Orb.
     0 | D:1      | Reached XP level 1. HP: 16/16 MP: 1/1
   122 | D:1      | Reached skill level 1 in Stealth
   122 | D:1      | Reached XP level 2. HP: 21/21 MP: 2/2
   576 | D:1      | Reached XP level 3. HP: 20/26 MP: 3/3
   720 | D:2      | Noticed Jessica
   723 | D:2      | Reached skill level 2 in Stealth
   730 | D:2      | Reached XP level 4. HP: 27/31 MP: 4/4
  1117 | D:2      | Killed Jessica
  1227 | D:3      | Noticed a centaur
  1234 | D:3      | Killed a centaur
  1235 | D:3      | Reached skill level 1 in Long Blades
  1235 | D:3      | Reached skill level 1 in Throwing
  1235 | D:3      | Reached skill level 3 in Stealth
  1235 | D:3      | Reached XP level 5. HP: 24/37 MP: 5/5
  1571 | D:3      | Reached XP level 6. HP: 43/43 MP: 6/6
  2185 | D:4      | Found a broken altar of Ashenzari.
  2229 | D:4      | Found a staircase to the Ecumenical Temple.
  2237 | Temple   | Entered the Ecumenical Temple
  2304 | Temple   | Became a worshipper of Trog the Wrathful
  2326 | D:4      | Noticed Pikel
  2335 | D:4      | Killed Pikel
  2336 | D:4      | Reached skill level 5 in Stealth
  2336 | D:4      | Reached XP level 7. HP: 48/49 MP: 7/7
  2541 | D:4      | Reached skill level 5 in Fighting
  2915 | D:4      | Reached XP level 8. HP: 55/55 MP: 8/8
  2981 | D:4      | Found a blossoming altar of Fedhas.
  3297 | D:5      | Entered Level 5 of the Dungeon
  3521 | D:5      | Reached skill level 6 in Stealth
  3658 | D:5      | Reached * piety under Trog
  4353 | D:6      | Noticed Maggie
  4367 | D:6      | Killed Maggie
  4368 | D:6      | Reached skill level 7 in Stealth
  4426 | D:6      | Reached XP level 9. HP: 27/62 MP: 9/9
  4877 | D:6      | Reached ** piety under Trog
  4961 | D:6      | Found a shimmering altar of Xom.
  4962 | D:6      | Found a glowing golden altar of the Shining One.
  4962 | D:6      | Found a sacrificial altar of Ru.
  4963 | D:6      | Found an iron altar of Okawaru.
  5097 | D:7      | Reached skill level 5 in Long Blades
  5097 | D:7      | Reached skill level 1 in Evocations
  5190 | D:7      | Found a runed translucent door.
  5190 | D:7      | Found a shimmering altar of Xom.
  5190 | D:7      | Noticed porpoise's ghost (novice HaHu)
  5190 | D:7      | Noticed a +1 mace of chaos
  5252 | D:7      | Reached skill level 8 in Stealth
  5253 | D:7      | Reached skill level 5 in Shields
  5371 | D:7      | Reached skill level 5 in Dodging
  5749 | D:7      | HP: 2/94 [+1 mace of chaos (8)]
  5749 | D:7      | Slain by a +1 mace of chaos

Illustrated notes

Levels and vault maps discovered:
D:1:      amcnicky_arrival_double_pillar, layout_rooms, minmay_misc_feat_room,
          st_stairs_1
D:2:      layout_rooms, uniq_jessica
D:3:      layout_basic, chequers_serial_rivers_micro_a
D:4:      layout_basic, marbit_many_paths, fedhas_altar_3,
          minmay_temple_entry_gardened_gates, serial_corexii_hall,
          chequers_hall_statues_corner_a, corexii_hall_statues_x, uniq_pikel
D:5:      layout_gridville, serial_glass, glass_columns_b, glass_columns_c,
          minmay_misc_feat_rugged
D:6:      layout_rooms, chequers_temple_overflow_statue_of_worship, uniq_maggie
D:7:      layout_loops_ring, ebering_ghost_xom, kennysheep_generic_room_13
Temple:   nicolae_temple_great_sept

Skill      XL: |  1  2  3  4  5  6  7  8  9 |
---------------+----------------------------+-----
Stealth        | 1 2 3 5 7 8 |  8.1
Short Blades   | 3 |  3.0
Fighting       | 4 5 6 |  6.6
Long Blades    | 1 2 3 4 5 |  5.2
Throwing       | 1 2 3 |  3.7
Dodging        | 4 5 |  5.0
Shields        | 4 5 |  5.0
Evocations     | 1 |  1.4

Action                   |  1- 3 |  4- 6 |  7- 9 || total
-------------------------+-------+-------+-------++-------
Melee: Rapier            |    60 |    37 |       ||    97
       Constrict         |    18 |    16 |    31 ||    65
       Tentacles         |     9 |    18 |    31 ||    58
       Long sword        |       |    51 |   151 ||   202
Throw: Javelin           |       |    10 |       ||    10
       Dart              |       |       |    34 ||    34
Invok: Berserk           |       |       |     2 ||     2
Evoke: Wand              |       |       |     4 ||     4
  Use: Scroll            |       |     3 |     6 ||     9
       Potion            |       |     1 |     4 ||     5
 Stab: Sleeping          |     4 |     3 |    16 ||    23
Armor: Skin              |    22 |    26 |    38 ||    86
Dodge: Dodged            |    32 |    44 |    49 ||   125
Block: Kite shield       |    37 |    28 |    54 ||   119
       Rpst.: Long sword |       |     8 |    10 ||    18
